 Dungeon Crawl Stone Soup version 0.31-a0-198-g2ad674f65e (webtiles) character file.

Game seed: 3072994187573199477

19 Gorgondantess the Chiller (level 2, -7/20 HPs)
             Began as a Ghoul Ice Elementalist on June 25, 2023.
             Mangled by a gnoll
             ... wielding a +0 spear
              (8 damage)
             ... on level 1 of the Dungeon.
             The game lasted 00:02:04 (666 turns).

Gorgondantess the Chiller (Ghoul Ice Elementalist)   Turns: 666, Time: 00:02:05

Health: -7/20      AC:  3    Str: 11    XL:     2   Next: 75%
Magic:  0/4        EV: 11    Int: 10    God:
Gold:   20         SH:  0    Dex:  9    Spells: 4/5 levels left

rFire   . . .        (no weapon)
rCold   + . .        (no shield)
rNeg    + + +        e - +0 leather armour
rPois   ∞            (no helmet)
rElec   .            (no cloak)
rCorr   .            (no gloves)
SInv    .            (no boots)
Will    .....        (no amulet)
Stlth   +            (no ring)
HPRegen 0.00/turn    (no ring)
MPRegen 0.09/turn

%: no passive effects
@: very slightly contaminated, inhibited regen
A: claws 1, cold resistance 1, negative energy resistance 3, inhibited
regeneration, torment resistance 2, devour on kill
a: no special abilities


You were on level 1 of the Dungeon.
You visited 1 branch of the dungeon, and saw 1 of its levels.

You collected 20 gold pieces.

Inventory:

Armour
 a - a +0 robe
 c - a +0 ring mail
 e - a +0 leather armour (worn)
Jewellery
 k - an amulet of faith
Scrolls
 f - 3 scrolls of identify {unknown}
Potions
 b - a potion of magic
 d - a potion of curing {unknown}
 g - 2 potions of cancellation {unknown}
 h - a potion of resistance {unknown}
 i - a potion of haste {unknown}
 j - a potion of attraction {unknown}


   Skills:
 - Level 1.7 Dodging
 - Level 2.1 Stealth
 + Level 2.3 Spellcasting
 + Level 4.8 Ice Magic


You had 4 spell levels left.
You knew the following spells:

 Your Spells              Type           Power      Damage    Failure   Level
a - Freeze                Ice            40%        1d6       5%          1

Your spell library contained the following spells:

 Spells                   Type           Power      Damage    Failure   Level
 Frozen Ramparts          Ice            20%        1d4       16%         3
 Ozocubu's Armour         Ice            10%        N/A       16%         3
 Necrotise                Necr           4%         1d4       38%         1
 Dazzling Flash           Conj/Hex       2%         N/A       77%         3
 Vampiric Draining        Necr           1%         2d6       77%         3
 Volatile Blastmotes      Fire/Tloc      2%         2d10      77%         3
 Summon Ice Beast         Ice/Summ       6%         N/A       82%         4
 Iskenderun's Mystic Bla  Conj/Tloc      1%         2d3       99%         4
 Agony                    Necr           1%         N/A       100%        5
 Starburst                Conj/Fire      0%         6d3       100%        6


Dungeon Overview and Level Annotations

Branches:
Dungeon (1/15)

Altars:


Innate Abilities, Weirdness & Mutations

You are immune to poison.
You have sharp fingernails.
Your flesh is cold resistant. (rC+)
You are immune to negative energy. (rN+++)
You do not regenerate when monsters are visible.
You are immune to unholy pain and torment.
You thrive by killing the living.


Message History

Found 10 gold pieces.
A hobgoblin comes into view.
The gnoll hits you with a +0 spear.
Casting: Freeze (safe; 5% risk of failure)
Confirm with . or Enter, or press ? or * to list all spells.
Aiming: Freeze (safe; 5% risk of failure)
Press: ? - help, Shift-Dir - straight line, f - gnoll
Aim: a gnoll, wielding a +0 spear You freeze the gnoll.
The gnoll is lightly wounded.
The gnoll hits you with a +0 spear.
A goblin comes into view. It is wielding a +0 club.
Casting: Freeze (safe; 5% risk of failure)
Confirm with . or Enter, or press ? or * to list all spells.
Aiming: Freeze (safe; 5% risk of failure)
Press: ? - help, Shift-Dir - straight line, f/p - gnoll
Aim: a gnoll, wielding a +0 spear (lightly wounded)
You freeze the gnoll.
The gnoll is moderately wounded.
The goblin shouts!
A bat comes into view.
The gnoll closely misses you.
Casting: Freeze (safe; 5% risk of failure)
Confirm with . or Enter, or press ? or * to list all spells.
Aiming: Freeze (safe; 5% risk of failure)
Press: ? - help, Shift-Dir - straight line, f/p - gnoll
Aim: a gnoll, wielding a +0 spear (moderately wounded)
You miscast Freeze.
You are very lightly contaminated with residual magic.
Nothing appears to happen.
The gnoll hits you with a +0 spear!
* * * LOW HITPOINT WARNING * * *
Casting: Freeze (safe; 5% risk of failure)
Confirm with . or Enter, or press ? or * to list all spells.
Aiming: Freeze (safe; 5% risk of failure)
Press: ? - help, Shift-Dir - straight line, f/p - gnoll
Aim: a gnoll, wielding a +0 spear (moderately wounded)
You freeze the gnoll.
The gnoll is severely wounded.
The gnoll hits you with a +0 spear!
You die...

$g#########
...g.bg@..###
.....####...## ...
######..###########
.
.......†............
.#########.#########
#.# #.. #### #####
#. #....


You could see a gnoll, a hobgoblin (wandering), a goblin and a bat.

Vanquished Creatures
  An endoplasm (D:1)
  A giant cockroach (D:1)
  2 goblins (D:1)
  3 hobgoblins (D:1)
  A quokka (D:1)
  4 bats (D:1)
  A frilled lizard (D:1)
  4 kobolds (D:1)
  2 rats (D:1)
19 creatures vanquished.

Notes
Turn   | Place    | Note
-------+----------+-------------------------------------------
     0 | D:1      | Gorgondantess the Ghoul Ice Elementalist began the quest
                  | for the Orb.
     0 | D:1      | Reached XP level 1. HP: 14/14 MP: 2/2
   160 | D:1      | Reached XP level 2. HP: 19/20 MP: 2/4
   665 | D:1      | HP: 1/20 [gnoll/+0 spear (9)]
   666 | D:1      | Mangled by a gnoll

Illustrated notes

Levels and vault maps discovered:
D:1:      minmay_arrival_plants_in_alcoves, layout_basic, st_stairs_9,
          roderic_roman_lattice

Skill      XL: |  1 |
---------------+----+-----
Spellcasting   | 2 |  2.3
Dodging        | |  1.7
Stealth        | |  2.1
Ice Magic      | |  4.8

Action                     || total
---------------------------++-------
  Melee: Unarmed           ||    54
   Cast: Freeze            ||    15
   Stab: Sleeping          ||     2
 Armour: Robe              ||     5
         Leather armour    ||    12
  Dodge: Dodged            ||    43

Table legend: (Time is in decaauts)
 A = Elapsed time spent in this place.
 B = Non-inter-level travel time spent in this place.
 C = Inter-level travel time spent in this place.
 D = Time resting spent in this place.
 E = Time spent auto-exploring this place.
 F = Levels seen in this place.
 G = Mean time per level.
                   A        B        C        D        E       F      G
               +--------+--------+--------+--------+--------+-----+--------+
         Total |    666 |    666 |      0 |      0 |    479 |   1 |  666.0 |
       Dungeon |    666 |    666 |      0 |      0 |    479 |   1 |  666.0 |
               +--------+--------+--------+--------+--------+-----+--------+

Top non-repeatable levels by time:
     D:1: 666 daAuts
